 Dungeon Crawl Stone Soup version 0.32-a0-576-g706899e69d (webtiles) character file.

Game seed: 1138149445620780898

5273 backslashecho the Cleaver (level 10, 0/123 HPs)
             Began as a Coglin Berserker on Mar 1, 2024.
             Was an Elder of Trog.
             Succumbed to a killer bee's poison
             ... on level 8 of the Dungeon.
             The game lasted 00:18:11 (9402 turns).

backslashecho the Cleaver (Coglin Berserker)        Turns: 9402, Time: 00:18:12

Health: 0/123      AC: 25    Str: 21    XL:     10   Next: 63%
Magic:  10/10      EV:  2    Int:  6    God:    Trog [****..]
Gold:   102        SH:  0    Dex: 15    Spells: 9/9 levels left

rFire   . . .        J - +4 hand axe {Tamara}
rCold   . . .        c - +0 dagger {Tejnoor}
rNeg    . . .        y - melded +0 plate armour
rPois   +            a - melded +0 helmet {Int+3}
rElec   .            q - melded scarf {repulsion}
rCorr   .            (gloves currently unavailable)
SInv    .            x - melded +0 pair of boots
Will    .....        (no amulet)
Stlth   +            (no ring)
HPRegen 0.40/turn    (no ring)
MPRegen 0.12/turn    (no gizmo)

%: no passive effects
@: lethally poisoned (0 -> -2), tree-form, on berserk cooldown, slowed, revving,
very slow
A: stationary, stasis, torment immunity, boosted hp, off-hand wielding, slow
wielding, warmup strikes, (no jewellery)
a: Invent Gizmo, Renounce Religion, Berserk, Trog's Hand, Brothers in Arms


You were on level 8 of the Dungeon.
You worshipped Trog.
Trog was greatly pleased with you.
You were a tree.
You visited 1 branch of the dungeon, and saw 9 of its levels.

You collected 474 gold pieces.
You spent 372 gold pieces at shops.

Inventory:

Hand Weapons
 c - a +0 dagger (offhand) {Tejnoor}
 J - a +4 hand axe (weapon) {Tamara}
Missiles
 h - 14 poisoned darts (quivered)
 z - a curare-tipped dart
 F - 2 javelins
Armour
 a - a +0 helmet of intelligence (melded)
 q - a scarf of repulsion (melded)
 x - a +0 pair of boots (melded)
 y - a +0 plate armour (melded)
Wands
 j - a wand of mindburst (16)
 o - a wand of digging (14)
 u - a wand of iceblast (7)
 H - a wand of charming (8)
 K - a wand of flame (25)
Scrolls
 d - 9 scrolls of identify {unknown}
 f - 3 scrolls of blinking {unknown}
 g - 2 scrolls of enchant armour {unknown}
 i - a scroll of immolation {unknown}
 l - 2 scrolls of revelation {unknown}
 n - 3 scrolls of teleportation {unknown}
 p - 2 scrolls of poison {unknown}
 t - 2 scrolls of fog {unknown}
 w - 2 scrolls of amnesia {unknown}
 B - 2 scrolls of torment {unknown}
 D - a scroll of noise {unknown}
 L - a scroll of vulnerability {unknown}
 M - a scroll of acquirement {unknown}
Potions
 b - a potion of haste {unknown}
 e - 2 potions of lignification
 k - a potion of degeneration {unknown}
 m - 2 potions of curing {unknown}
 r - a potion of magic {unknown}
 s - 2 potions of mutation {unknown}
 v - a potion of invisibility {unknown}
 A - 2 potions of brilliance {unknown}
 C - a potion of heal wounds {unknown}
 E - a potion of resistance {unknown}
 G - 2 potions of might {unknown}
 I - a potion of attraction {unknown}


   Skills:
 + Level 8.8 Fighting
 - Level 2.0 Short Blades
 * Level 12.1 Axes
 - Level 5.0 Armour
 - Level 2.0 Dodging


You had 9 spell levels left.
You didn't know any spells.
Your spell library was empty.

Dungeon Overview and Level Annotations

Branches:
Dungeon (9/15)             Temple (0/1) D:4
   Lair: D:8-11         Orc: D:9-12

Altars:
Ashenzari
Cheibriados
Okawaru
Qazlal
Ru
Yredelemnul
The Shining One

Shops:
D:2 [(:(   D:4 *


Innate Abilities, Weirdness & Mutations

You are a tree.
Your roots penetrate the ground, keeping you stationary.
You cannot be teleported.
You are immune to unholy pain and torment.
Your maximum health is greatly increased.
Your equipment is partially melded.
You can wield a second weapon in your off-hand.
It takes a long time for you to wield or remove held weapons.
Your first few attacks do less damage.
((You cannot equip rings or amulets.))


Message History

* * * LOW HITPOINT WARNING * * *
You feel sick. The killer bee barely misses you.
You take 2 damage, and have 10/123 hp.
You slash the killer bee with your +4 hand axe!
The killer bee is heavily wounded.
You miss the killer bee with your +0 dagger.
* * * LOW HITPOINT WARNING * * *
You feel sick.
The killer bee stings you but does no damage.
You take 1 damage, and have 9/123 hp.
You barely miss the killer bee with your +0 dagger.
The killer bee is heavily wounded.
You slash the killer bee with your +4 hand axe!
You kill the killer bee!
Trog accepts your kill.
* * * LOW HITPOINT WARNING * * *
You feel sick.
You take 2 damage, and have 7/123 hp.
You are too berserk!
Expiring: You are possessed by a berserker rage.
You are seriously poisoned (7 -> 1).
You're fully limbered up.
Your movement speed is very quick.
Your attack delay is about 0.5.
Your damage rating with your +4 hand axe {Tamara} is about 16 (Base 7 x 127% (Str) x 142% (Skill) + 4 (Ench)).
Your damage rating with your +0 dagger {Tejnoor} is about 5 (Base 4 x 112% (Dex) x 119% (Skill)).
Your base attributes are Str 21, Int 6, Dex 15.
A river rat comes into view.
* * * LOW HITPOINT WARNING * * *
You feel sick.
There is a stone staircase leading up here.
You take 1 damage, and have 6/123 hp.
You feel a strong urge to attack something.
You are no longer berserk.
You are exhausted.
You feel yourself slow down.
* * * LOW HITPOINT WARNING * * *
You feel sick.
You climb upwards.
* * * LOW HITPOINT WARNING * * *
You feel very sick.
There is a stone staircase leading down here.
You now have 1/82 hp.
It was a potion of lignification.
You turn into a tree.
Your scarf of repulsion melds into your body.
Your +0 helmet of intelligence melds into your body.
Your +0 pair of boots melds into your body.
Your +0 plate armour melds into your body.
The haze of the repulsion field disappears.
You feel stupid.
Your roots penetrate the ground.
You die...

.....#....#....>.................
.....'....#......................
##..###...#...................†..
#######...#.........###########..
†'...#....#.........#.....# #..
.#...#...)'.........'.....# #..
.#†..#...)#.........#.....# #..
###'###...#.........#'#########..
##...##...#.....♣...#...#......##
......#...#.........#...#......#
......#...#.........'...#......#
......#...#.........#...#......#
###########.........#####......#
########### ########


There were no monsters in sight!

Vanquished Creatures
  Pikel (D:4)
  A hornet (D:9)
  Sigmund (D:2)
  5 yaks (D:8)
  A steam dragon (D:7)
  An orc warrior (D:7)
  A water moccasin (D:6)
  2 ice beasts (D:7)
  6 sky beasts
  2 black bears
  2 ogres
  4 centaurs
  4 lemures (D:3)
  3 phantoms
  A bullfrog (D:8)
  A kobold brigand (D:8)
  2 gnoll sergeants
  7 wights
  5 killer bees (D:9)
  3 bombardier beetles
  A jelly (D:7)
  3 orc priests
  4 hounds
  2 sleepcaps (D:5)
  6 iguanas
  An orc wizard (D:7)
  11 gnolls
  8 adders
  3 shadow imps (D:7)
  4 white imps
  4 ufetubi
  2 dart slugs
  5 ribbon worms
  10 orcs
  4 ball pythons
  8 endoplasms
  A giant cockroach (D:2)
  21 goblins
  8 hobgoblins
  6 jackals
  10 kobolds
  5 quokkas
  6 bats
  4 frilled lizards
  4 rats
194 creatures vanquished.

Notes
Turn   | Place    | Note
-------+----------+-------------------------------------------
     0 | D:1      | backslashecho the Coglin Berserker began the quest for the
                  | Orb.
     0 | D:1      | Reached XP level 1. HP: 18/18 MP: 1/1
    65 | D:1      | Reached XP level 2. HP: 17/24 MP: 2/2
    95 | D:1      | You fall into a shaft and drop 1 floor!
   116 | D:2      | Reached skill level 1 in Short Blades
   116 | D:2      | Reached XP level 3. HP: 29/29 MP: 3/3
   166 | D:2      | Found a sacrificial altar of Ru.
   193 | D:2      | Found Xaoqairph's Weapon Shoppe.
   252 | D:2      | Found a faded altar of an unknown god.
   346 | D:2      | Found Wyomun's Antique Armour Shop.
   386 | D:2      | Found Hugion's Book Boutique.
   492 | D:2      | Reached ** piety under Trog
   503 | D:2      | Reached XP level 4. HP: 25/35 MP: 4/4
   868 | D:1      | Reached skill level 4 in Axes
  1321 | D:2      | Noticed Sigmund
  1338 | D:2      | Killed Sigmund
  1339 | D:2      | Reached skill level 5 in Axes
  1339 | D:2      | Reached XP level 5. HP: 42/42 MP: 5/5
  1339 | D:2      | Reached XP level 6. HP: 48/48 MP: 6/6
  1529 | D:2      | Found Qyzoare's Antique Weapon Shop.
  1713 | D:3      | Identified the staff "Haall" {rCorr Int+3 Dex+2 Earth}
  1755 | D:3      | Found a snail-covered altar of Cheibriados.
  1755 | D:3      | Found a broken altar of Ashenzari.
  2290 | D:3      | Found an iron altar of Okawaru.
  2522 | D:4      | Reached *** piety under Trog
  2567 | D:4      | Found Watam's Overcharged Wands.
  2696 | D:4      | Reached skill level 6 in Axes
  2699 | D:4      | Found a staircase to the Ecumenical Temple.
  2832 | D:2      | Bought a glowing scarf for 192 gold pieces
  2976 | D:4      | Reached XP level 7. HP: 55/55 MP: 7/7
  3392 | D:4      | Reached skill level 5 in Fighting
  3416 | D:4      | Noticed Pikel
  3692 | D:4      | Killed Pikel
  3693 | D:4      | Reached skill level 7 in Axes
  3693 | D:4      | Reached XP level 8. HP: 58/64 MP: 8/8
  4198 | D:5      | Entered Level 5 of the Dungeon
  4408 | D:5      | Reached skill level 8 in Axes
  4905 | D:5      | Found a stormy altar of Qazlal.
  5484 | D:6      | Reached XP level 9. HP: 60/70 MP: 9/9
  5849 | D:6      | Found a glowing golden altar of the Shining One.
  5909 | D:6      | Reached skill level 9 in Axes
  7317 | D:7      | Reached **** piety under Trog
  7318 | D:7      | Reached skill level 10 in Axes
  7318 | D:7      | Reached skill level 5 in Armour
  8047 | D:2      | Bought a runed helmet for 180 gold pieces
  8269 | D:8      | Found a basalt altar of Yredelemnul.
  8367 | D:8      | Reached XP level 10. HP: 78/80 MP: 10/10
  8605 | D:8      | Reached skill level 11 in Axes
  9394 | D:9      | Reached skill level 12 in Axes
  9399 | D:9      | HP: 6/123 [poisoned by a killer bee]
  9401 | D:8      | HP: 1/82 [poisoned by a killer bee]
  9402 | D:8      | Succumbed to a killer bee's poison

Illustrated notes

Levels and vault maps discovered:
D:1:      dpeg_arrival_line_fractal, layout_loops_ring
D:2:      layout_rooms, serial_shops, shop_fountains, nicolae_shop_peninsula,
          shop, nicolae_shop_peninsula, basic_altar,
          hellmonk_ecumenical_altar_arch_garden, skrybe_limestone_x,
          chequers_serial_rivers_room_b, nrook_mini_backslash,
          minmay_misc_feat_roman, minmay_pentomino_t2, uniq_sigmund
D:3:      layout_basic, mainiacjoe_overflow_small_starburst,
          jmf_multi_god_temple, minmay_ogre_servants
D:4:      layout_basic, minmay_temple_entry_waves,
          nicolae_shop_overcharged_wands, uniq_pikel
D:5:      layout_rooms, lemuel_crystal_altar
D:6:      layout_loops_corners, mainiacjoe_overflow_paths
D:7:      layout_basic, minmay_starry_boxes
D:8:      layout_gridville, kennysheep_mini
D:9:      layout_irregular_city, kiku_gazebo_garden_becter, dpeg_lair_monsters

Skill      XL: |  1  2  3  4  5  6  7  8  9 10 |
---------------+-------------------------------+-----
Short Blades   | 1 2 |  2.0
Armour         | 2 3 4 5 |  5.0
Dodging        | 2 |  2.0
Axes           | 5 6 7 8 10 12 | 12.1
Fighting       | 4 5 6 7 8 |  8.8

Action                     |  1- 3 |  4- 6 |  7- 9 | 10-12 || total
---------------------------+-------+-------+-------+-------++-------
  Melee: Hand axe          |    47 |   132 |   289 |    90 ||   558
         Dagger            |    41 |   120 |   432 |    87 ||   680
         Spear             |       |       |   175 |       ||   175
  Throw: Dart              |       |       |     7 |     1 ||     8
 Invoke: Berserk           |     1 |     2 |     7 |     4 ||    14
         Trog's Hand       |       |       |     1 |       ||     1
  Evoke: Wand              |       |       |     5 |       ||     5
    Use: Potion            |       |       |       |     1 ||     1
   Stab: Sleeping          |     1 |     1 |       |       ||     2
 Armour: Animal skin       |    25 |    51 |       |       ||    76
         Chain mail        |       |    11 |   215 |       ||   226
         Plate armour      |       |       |   194 |   109 ||   303
  Dodge: Dodged            |    34 |    80 |   163 |    48 ||   325
         Repelled          |       |       |     5 |     3 ||     8

Table legend: (Time is in decaauts)
 A = Elapsed time spent in this place.
 B = Non-inter-level travel time spent in this place.
 C = Inter-level travel time spent in this place.
 D = Time resting spent in this place.
 E = Time spent auto-exploring this place.
 F = Levels seen in this place.
 G = Mean time per level.
                   A        B        C        D        E       F      G
               +--------+--------+--------+--------+--------+-----+--------+
         Total |   9480 |   8531 |    949 |   1247 |   5403 |   9 | 1053.3 |
       Dungeon |   9480 |   8531 |    949 |   1247 |   5403 |   9 | 1053.3 |
               +--------+--------+--------+--------+--------+-----+--------+

Top non-repeatable levels by time:
     D:3: 1570 daAuts
     D:6: 1447 daAuts
     D:7: 1421 daAuts
     D:4: 1056 daAuts
     D:2: 1050 daAuts
     D:8: 1039 daAuts
     D:5: 943 daAuts
     D:1: 863 daAuts
     D:9: 87 daAuts
